 Dungeon Crawl Stone Soup version 5.6-49-g8abd877 (webtiles) character file.

417 HarryHood the Bludgeoner (level 16, -9/149 HPs) *CASUAL*
             Began as a Minotaur Fighter on Oct 14, 2018.
             Was a High Priest of Qazlal.
             Mangled by Urug
             ... wielding a +1 broad axe
              (15 damage)
             ... on level 15 of the Dungeon.
             The game lasted 01:02:35 (15021 turns).

HarryHood the Bludgeoner (Minotaur Fighter)        Turns: 15021, Time: 01:02:35

Health: -9/149     AC: 24 (34%)Str: 31  XL:     16   Next: 22%
Magic:  10/18      EV: 12    Int:  5    God:    Qazlal [5*[148]]
Gold:   387        SH: 39    Dex: 12    Spells: 20/20 levels left

rFire    . . .     SeeInvis .   a - +3 morningstar (drain)
rCold    + . .     Faith    .   c - +3 shield
rNeg     . . .     Spirit   .   B - +1 chain mail {rC+}
rPois    +         Reflect  +   (helmet restricted)
rElec    .                      D - +2 cloak {MR+}
rCorr    .                      A - +1 pair of gloves
MR       ++...                  e - +0 pair of boots
Stlth    ..........             p - +3 amulet of reflection
Regen    0.4/turn               q - ring of poison resistance
MPRegen  0.3/turn               u - +5 ring of strength

@: protected from physical damage, repel missiles
A: retaliatory headbutt, horns 2
a: Upheaval, Cloud Surge, Disaster Area, Renounce Religion


You were on level 15 of the Dungeon.
You worshipped Qazlal.
Qazlal was extremely pleased with you.
You were not hungry.

You visited 2 branches of the dungeon, and saw 16 of its levels.
You visited the bazaar 1 time.
You also visited: Sewer and Ice Cave.

You collected 1379 gold pieces.
You spent 992 gold pieces at shops.

Inventory:

Hand Weapons
 a - a +3 morningstar of draining (weapon)
 y - the +0 halberd "Conioserr" {flame, rPois rN+ Dex+2 Stlth+}
   (You found it on level 9 of the Dungeon)

   It has been specially enchanted to produce a fiery explosion on hit, causing
   extra injury to most foes and up to half again as much damage against
   particularly susceptible opponents.
   It affects your dexterity (+2).
   It protects you from poison.
   It protects you from negative energy.
   It makes you more stealthy.
Armour
 c - a +3 shield (worn)
 e - a +0 pair of boots (worn)
 g - a +0 plate armour
 A - a +1 pair of gloves (worn)
 B - a +1 chain mail of cold resistance (worn)
 D - a +2 cloak of magic resistance (worn)
Jewellery
 m - an uncursed ring of positive energy
 p - a +3 amulet of reflection (around neck)
 q - a ring of poison resistance (left hand)
 s - a +5 ring of dexterity
 u - a +5 ring of strength (right hand)
Scrolls
 f - a scroll of holy word
 i - 9 scrolls of teleportation {@r0}
 o - 3 scrolls of blinking {@r7}
 r - 2 scrolls of fear
 x - 4 scrolls of magic mapping {@r5}
 z - 2 scrolls of silence
Potions
 b - a potion of berserk rage
 d - 2 potions of augmentation
 h - 7 potions of heal wounds {@q1}
 j - 2 potions of ambrosia
 k - 3 potions of mutation
 l - 7 potions of flight
 n - 3 potions of resistance
 t - 3 potions of invisibility
 w - a potion of lignification


   Skills:
 + Level 15.1 Fighting
 - Level 16.0 Maces & Staves
 * Level 13.2 Armour
 - Level 6.0 Dodging
 - Level 15.0 Shields
 + Level 14.5 Invocations


You had 20 spell levels left.
You didn't know any spells.
Your spell library contained the following spells:

 Spells                   Type           Power        Failure   Level  Hunger
 Magic Dart               Air            0 (25)       87%         1    N/A
 Conjure Flame            Fire/Air       0 (100)      99%         3    N/A
 Slow                     Hex            0 (100)      95%         2    N/A
 Controlled Blink         Tloc           N/A          100%        8    N/A
 Freezing Cloud           Ice/Air        0 (200)      100%        6    N/A
 Summon Small Mammal      Summ           0 (25)       87%         1    N/A
 Bolt of Draining         Necr           0 (200)      100%        5    N/A
 Blink                    Tloc           N/A          95%         2    N/A
 Ozocubu's Refrigeration  Ice            0 (200)      100%        7    N/A
 Summon Ice Beast         Ice/Summ       0 (100)      100%        4    N/A
 Call Imp                 Summ           0 (100)      95%         2    N/A
 Dispel Undead            Necr           0 (100)      100%        5    N/A
 Sublimation of Blood     Necr           0 (200)      95%         2    N/A
 Iron Shot                Erth           0 (200)      100%        6    N/A
 Agony                    Necr           0 (100)      100%        5    N/A
 Statue Form              Tmut/Erth      0 (150)      100%        6    N/A
 Ice Form                 Ice/Tmut       0 (100)      100%        4    N/A
 Passwall                 Tmut/Erth      0 (200)      95%         2    N/A
 Call Canine Familiar     Summ           0 (100)      99%         3    N/A
 Shatter                  Erth           0 (200)      100%        9    N/A
 Dispersal                Tloc           0 (200)      100%        6    N/A
 Lee's Rapid Deconstruct  Erth           0 (200)      100%        5    N/A
 Sandblast                Erth           0 (25)       87%         1    N/A
 Excruciating Wounds      Chrm/Necr      0 (200)      100%        5    N/A
 Petrify                  Tmut/Erth      0 (100)      100%        4    N/A
 Orb of Destruction       Erth           0 (200)      100%        7    N/A
 Leda's Liquefaction      Hex/Erth       0 (200)      100%        4    N/A
 Disjunction              Tloc           0 (200)      100%        8    N/A
 Force Lance              Tloc/Erth      0 (100)      99%         3    N/A
 Summon Lightning Spire   Summ/Air       0 (100)      100%        4    N/A
 Summon Guardian Golem    Hex/Summ       0 (100)      99%         3    N/A
 Piercing Shot            Chrm/Tloc      0 (200)      100%        5    N/A

Dungeon Overview and Level Annotations

Branches:
Dungeon (15/15)            Bazaar (1/1)
    Orc: D:15        Vaults: D:15

Altars:
Cheibriados
Dithmenos
Elyvilon
Gozag
Jiyva
Kikubaaqudgha
Lugonu
Makhleb
Nemelex Xobeh
Okawaru
Qazlal
Ru
Sif Muna
Trog
Uskayaw
Vehumet
Wu Jian
Xom
Yredelemnul
Zin
The Shining One

Shops:
Bazaar :?[(![[

Annotations:
D:11 exclusion: obsidian statue
D:15 Urug


Innate Abilities, Weirdness & Mutations

You reflexively headbutt those who attack you in melee.
You have a pair of horns on your head.


Message History

Something smites you (8)!
* * * LOW HITPOINT WARNING * * *
You take 22 damage, and have 17/149 hp.
You hit the meliai (5). Your headbutt misses the meliai.
The meliai is engulfed in freezing vapours (6).
You block the meliai's attack. The meliai stings you (1).
* * * LOW HITPOINT WARNING * * *
The two-headed ogre is engulfed in blazing flames (16).
The seven-headed hydra completely misses you.
You block the seven-headed hydra's attack.
The seven-headed hydra bites you (10)!
* * * LOW HITPOINT WARNING * * *
You block the seven-headed hydra's attack. x2
The seven-headed hydra misses you.
The seven-headed hydra bites you but does no damage.
The meliai is engulfed in freezing vapours (5).
You kill the meliai!
Qazlal accepts your kill. Urug hits you with a +1 broad axe (15)!
You die...

... ...)
...##########...▓
.......#.......▓
..$............▓▓
..........c)....▓
........).).§....
.....§.§)..§.....
......§...§§.....
......§§@.§.§..#.
.......o§DO§.....
......§§y§.......
..≈.....OyO......
##≈#..#..O.#####
#.##..#.... .
##.......
###......


You could see a seven-headed hydra, Urug, 3 two-headed ogres, a yaktaur, an ogre
and 2 meliai.

Vanquished Creatures
  Kirke (D:12)
  A frost giant (IceCv)
  2 ogre magi
  A hydra (D:15)
  3 vault guards (D:15)
  A ghost crab (shapeshifter) (D:15)
  11 two-headed ogres
  A fire crab (D:15)
  4 skeletal warriors (D:14)
  An unseen horror (D:13)
  A deep elf mage (D:12)
  A harpy (shapeshifter) (D:13)
  2 ugly things
  4 cyclopes
  A manticore (D:13)
  2 black mambas
  An ice statue (IceCv)
  A torpor snail (D:11)
  A gargoyle (D:13)
  2 spiny frogs
  3 rime drakes
  7 trolls
  A merfolk (D:9)
  19 polar bears
  A meliai (D:15)
  4 slime creatures
  6 blink frogs (D:15)
  Grinder (D:7)
  A meliai zombie (D:13)
  2 shadows
  A tarantella (shapeshifter) (D:14)
  A wraith (D:12)
  A vampire (D:14)
  28 yaks
  3 angry ghosts
  8 wyverns
  4 hogs
  A fire bat (shapeshifter) (D:15)
  Grum (D:9)
  Menkaure (D:7)
  6 acid dragons
  2 spiny frog zombies
  A water moccasin (D:7)
  9 black bears (D:9)
  2 spiny frog skeletons
  10 orc warriors
  3 wasps
  18 ogres
  18 wolves
  10 ice beasts
  11 centaurs
  A blink frog skeleton (D:12)
  2 big kobolds
  A wyvern zombie (D:7)
  11 bullfrogs
  2 gnoll sergeants (D:9)
  A spiny frog simulacrum (D:11)
  A wyvern skeleton (D:6)
  A water moccasin skeleton (D:4)
  A scorpion (D:5)
  3 crimson imps
  12 killer bees
  6 wights
  5 electric eels (D:9)
  2 howler monkeys
  2 quasits
  2 hounds
  4 wyvern simulacra (D:11)
  Crazy Yiuf (D:2)
  3 centaur skeletons
  9 centaur zombies
  A bullfrog skeleton (D:7)
  3 gnoll shamans (D:9)
  6 orc priests
  2 jellies
  13 orc wizards
  10 worker ants
  7 iguanas
  A centaur simulacrum (D:11)
  An ogre zombie (D:10)
  A wasp simulacrum (D:11)
  2 hound zombies (D:5)
  14 gnolls
  A howler monkey skeleton (D:6)
  12 adders
  A shadow imp (D:6)
  3 white imps (D:11)
  An ooze (D:2)
  An adder zombie (D:5)
  2 dart slugs
  31 orcs
  5 quokkas
  9 giant cockroaches
  47 goblins
  27 hobgoblins
  10 jackals
  4 ball pythons
  5 bats
  9 frilled lizards
  12 kobolds
  31 rats
568 creatures vanquished.

Vanquished Creatures (others)
  A vault guard (D:15)
  3 cyclopes (D:12)
  5 yaktaurs (D:15)
  A blink frog (D:15)
  A human (D:12)
  An acid dragon (D:15)
  A wolf (IceCv)
  3 centaurs
  4 fungi (D:11)
20 creatures vanquished.

Grand Total: 588 creatures vanquished

Notes
Turn   | Place    | Note
-------+----------+-------------------------------------------
     0 | D:1      | HarryHood the Minotaur Fighter began the quest for the Orb.
     0 | D:1      | Reached XP level 1. HP: 19/19 MP: 1/1
    35 | D:1      | Reached skill level 3 in Maces & Staves
    53 | D:1      | Reached XP level 2. HP: 26/26 MP: 2/2
   152 | D:1      | Reached skill level 4 in Maces & Staves
   223 | D:1      | Reached XP level 3. HP: 31/31 MP: 3/3
   412 | D:1      | Reached skill level 5 in Maces & Staves
   655 | D:2      | Reached XP level 4. HP: 38/39 MP: 4/4
   838 | D:2      | Found a faded altar of an unknown god.
   972 | D:2      | Reached skill level 6 in Maces & Staves
  1167 | D:2      | Found a runed door.
  1171 | D:2      | Noticed Crazy Yiuf
  1175 | D:2      | Killed Crazy Yiuf
  1175 | D:2      | Reached skill level 4 in Fighting
  1175 | D:2      | Reached XP level 5. HP: 43/47 MP: 5/5
  1315 | D:3      | Reached skill level 5 in Fighting
  1336 | D:3      | Found a burning altar of Makhleb.
  1339 | D:3      | Found a sparkling altar of Nemelex Xobeh.
  1343 | D:3      | Found a glowing silver altar of Zin.
  1344 | D:3      | Found a sacrificial altar of Ru.
  1461 | D:3      | Reached skill level 6 in Fighting
  1461 | D:3      | Reached XP level 6. HP: 57/57 MP: 7/7
  1519 | D:3      | Reached skill level 7 in Maces & Staves
  1708 | D:3      | Found a glowing drain.
  1723 | Sewer    | Entered a sewer
  1775 | Sewer    | Reached XP level 7. HP: 57/63 MP: 8/8
  1825 | Sewer    | Reached skill level 8 in Maces & Staves
  1924 | Sewer    | Reached skill level 9 in Maces & Staves
  2329 | D:3      | Reached skill level 7 in Fighting
  2537 | D:4      | Found a radiant altar of Vehumet.
  2587 | D:4      | Reached XP level 8. HP: 67/74 MP: 9/9
  2590 | D:4      | Reached skill level 8 in Fighting
  2647 | D:4      | Found a viscous altar of Jiyva.
  3069 | D:4      | Reached skill level 9 in Fighting
  3215 | D:4      | Reached skill level 10 in Maces & Staves
  3891 | D:5      | Entered Level 5 of the Dungeon
  4008 | D:5      | Reached skill level 11 in Maces & Staves
  4117 | D:5      | Reached XP level 9. HP: 83/83 MP: 10/10
  4445 | D:5      | Reached skill level 12 in Maces & Staves
  4632 | D:5      | Reached skill level 10 in Fighting
  5066 | D:5      | Reached skill level 11 in Fighting
  5229 | D:6      | Got the amulet of Capikk {Faith rN+ Int+3}
  5295 | D:6      | Found a hide-covered altar of Uskayaw.
  5295 | D:6      | Found an ornate altar of the Wu Jian Council.
  5296 | D:6      | Found a shadowy altar of Dithmenos.
  5458 | D:6      | Reached skill level 12 in Fighting
  5560 | D:6      | Found a stormy altar of Qazlal.
  5575 | D:6      | Became a worshipper of Qazlal Stormbringer
  5652 | D:6      | Found an opulent altar of Gozag.
  5849 | D:7      | Reached XP level 10. HP: 85/97 MP: 11/11
  5859 | D:7      | Reached skill level 1 in Invocations
  5931 | D:7      | Reached skill level 2 in Invocations
  6277 | D:7      | Reached skill level 13 in Maces & Staves
  6320 | D:7      | Reached * piety under Qazlal
  6672 | D:7      | Noticed Menkaure
  6679 | D:7      | Killed Menkaure
  6686 | D:7      | Reached skill level 3 in Invocations
  6868 | D:7      | Noticed Grinder
  6876 | D:7      | Paralysed by Grinder for 7 turns
  6890 | D:7      | Killed Grinder
  6971 | D:7      | Found a bloodstained altar of Trog.
  6971 | D:7      | Found an iron altar of Okawaru.
  6971 | D:7      | Found a glowing golden altar of the Shining One.
  6971 | D:7      | Found a corrupted altar of Lugonu.
  6982 | D:7      | Found an ancient bone altar of Kikubaaqudgha.
  6989 | D:7      | Found a white marble altar of Elyvilon.
  7008 | D:7      | Found a snail-covered altar of Cheibriados.
  7008 | D:7      | Found a basalt altar of Yredelemnul.
  7009 | D:7      | Found a deep blue altar of Sif Muna.
  7009 | D:7      | Found a shimmering altar of Xom.
  7217 | D:8      | Reached skill level 4 in Invocations
  7223 | D:8      | Reached skill level 14 in Maces & Staves
  7234 | D:8      | Reached skill level 4 in Shields
  7378 | D:8      | Reached skill level 5 in Shields
  7875 | D:9      | Reached skill level 5 in Invocations
  7905 | D:9      | Reached XP level 11. HP: 74/104 MP: 13/13
  7928 | D:9      | Reached skill level 6 in Shields
  7994 | D:9      | Reached skill level 7 in Shields
  8174 | D:9      | Reached skill level 8 in Shields
  8174 | D:9      | Reached skill level 6 in Invocations
  8308 | D:9      | Reached skill level 9 in Shields
  8323 | D:9      | Noticed a two-headed ogre
  8326 | D:9      | Reached ** piety under Qazlal
  8326 | D:9      | Reached skill level 4 in Armour
  8326 | D:9      | Noticed Grum
  8332 | D:9      | Killed a two-headed ogre
  8332 | D:9      | Reached skill level 6 in Armour
  8332 | D:9      | Reached skill level 7 in Invocations
  8345 | D:9      | Killed Grum
  8349 | D:9      | Reached skill level 8 in Invocations
  8366 | D:9      | Reached XP level 12. HP: 49/112 MP: 14/14
  8378 | D:9      | Reached skill level 9 in Invocations
  8669 | D:9      | Noticed a two-headed ogre
  8674 | D:9      | Killed a two-headed ogre
  8794 | D:9      | Got the +0 halberd "Conioserr" {flame, rPois rN+ Dex+2 Stlth+}
  8903 | D:9      | Reached skill level 15 in Maces & Staves
  8935 | D:9      | Reached *** piety under Qazlal
  9103 | D:9      | Found a snail-covered altar of Cheibriados.
  9567 | D:9      | Reached skill level 10 in Invocations
  9891 | D:10     | Entered Level 10 of the Dungeon
  9993 | D:10     | Reached skill level 16 in Maces & Staves
 10101 | D:10     | Noticed a two-headed ogre
 10103 | D:10     | Noticed a two-headed ogre
 10106 | D:10     | Killed a two-headed ogre
 10106 | D:10     | Reached skill level 10 in Shields
 10109 | D:10     | Killed a two-headed ogre
 10109 | D:10     | Reached XP level 13. HP: 110/118 MP: 15/15
 10121 | D:10     | Reached skill level 11 in Shields
 10147 | D:10     | Reached **** piety under Qazlal
 10147 | D:10     | Reached skill level 11 in Invocations
 10160 | D:10     | Reached skill level 12 in Shields
 10488 | D:11     | Reached skill level 13 in Shields
 10576 | D:11     | Reached skill level 12 in Invocations
 10699 | D:11     | Found a frozen archway.
 10707 | IceCv    | Entered an ice cave
 10765 | IceCv    | Reached skill level 14 in Shields
 10796 | IceCv    | Reached ***** piety under Qazlal
 10801 | IceCv    | Reached XP level 14. HP: 102/126 MP: 16/16
 11153 | IceCv    | Reached skill level 15 in Shields
 11263 | IceCv    | Reached skill level 7 in Armour
 11365 | IceCv    | Reached skill level 8 in Armour
 11399 | IceCv    | Noticed a frost giant
 11411 | IceCv    | Killed a frost giant
 11411 | IceCv    | Reached skill level 9 in Armour
 11411 | IceCv    | Reached skill level 13 in Invocations
 12344 | D:12     | Reached skill level 13 in Fighting
 12350 | D:12     | Reached skill level 10 in Armour
 12590 | D:12     | Noticed Kirke
 12700 | D:12     | Reached XP level 15. HP: 42/136 MP: 17/17
 12833 | D:12     | Killed Kirke
 12833 | D:12     | Reached skill level 11 in Armour
 13358 | D:13     | Reached skill level 12 in Armour
 13374 | D:13     | Reached skill level 1 in Dodging
 13508 | D:13     | Reached skill level 2 in Dodging
 13633 | D:13     | Reached skill level 14 in Fighting
 13746 | D:13     | Found a gateway to a bazaar.
 13746 | D:13     | Found an opulent altar of Gozag.
 13760 | D:13     | Reached skill level 3 in Dodging
 13776 | Bazaar   | Entered a bazaar
 13776 | Bazaar   | Found Opeonugu's Book Boutique.
 13778 | Bazaar   | Found Utticw's Magic Scroll Emporium.
 13782 | Bazaar   | Found Qoejoo's Armour Shoppe.
 13790 | Bazaar   | Found Kuploed's Weapon Shoppe.
 13796 | Bazaar   | Found Aghig's Distillery.
 13807 | Bazaar   | Found Beotekae's Antique Armour Emporium.
 13817 | Bazaar   | Found Lizamm's Antique Armour Boutique.
 13835 | Bazaar   | Bought a scroll of enchant armour for 75 gold pieces
 13835 | Bazaar   | Bought a scroll of enchant armour for 75 gold pieces
 13835 | Bazaar   | Bought a scroll of enchant armour for 75 gold pieces
 13835 | Bazaar   | Bought a scroll of brand weapon for 200 gold pieces
 13855 | Bazaar   | Bought 2 potions of heal wounds for 140 gold pieces
 13855 | Bazaar   | Bought a potion of heal wounds for 70 gold pieces
 13855 | Bazaar   | Bought a potion of heal wounds for 70 gold pieces
 13878 | Bazaar   | Bought a +0 cloak of magic resistance for 287 gold pieces
 14205 | D:14     | Reached skill level 4 in Dodging
 14214 | D:14     | Found a sacrificial altar of Ru.
 14381 | D:14     | Reached skill level 14 in Invocations
 14407 | D:14     | Reached skill level 5 in Dodging
 14949 | D:15     | Entered Level 15 of the Dungeon
 14966 | D:15     | Reached skill level 6 in Dodging
 14997 | D:15     | Reached XP level 16. HP: 122/147 MP: 12/18
 15003 | D:15     | Noticed Urug
 15012 | D:15     | Reached skill level 13 in Armour
 15016 | D:15     | Reached skill level 15 in Fighting
 15021 | D:15     | HP: 6/149 [seven-headed hydra (10)]
 15021 | D:15     | Mangled by Urug

Skill      XL: |  1  2  3  4  5  6  7  8  9 10 11 12 13 14 15 16 |
---------------+-------------------------------------------------+-----
Maces & Staves | 3 4 5 6 7 9 11 12 14 16 | 16.0
Fighting       | 4 6 7 9 12 13 14 15 | 15.1
Invocations    | 5 8 10 12 13 14 | 14.5
Shields        | 5 9 10 14 15 | 15.0
Armour         | 6 10 12 13 | 13.2
Dodging        | 6 |  6.0

Action                   |  1- 3 |  4- 6 |  7- 9 | 10-12 | 13-15 | 16-18 || total
-------------------------+-------+-------+-------+-------+-------+-------++-------
Melee: Flail             |    67 |   129 |   438 |   193 |       |       ||   827
       Headbutt          |     3 |    21 |    73 |   102 |   182 |     7 ||   388
       Morningstar       |       |       |       |   250 |   670 |    21 ||   941
       Unarmed           |       |       |       |       |    35 |       ||    35
Invok: Disaster Area     |       |       |       |       |     2 |     1 ||     3
  Use: Potion            |       |       |       |     2 |     4 |       ||     6
       Scroll            |       |       |       |     1 |    10 |       ||    11
 Stab: Invisible         |       |       |       |       |     6 |       ||     6
       Distracted        |       |       |       |       |     1 |       ||     1
Armor: Scale mail        |    24 |    34 |   129 |       |       |       ||   187
       Chain mail        |       |       |    29 |    99 |    98 |    33 ||   259
       Skin              |       |       |       |       |     2 |       ||     2
Dodge: Dodged            |    19 |    32 |   100 |    62 |    84 |    22 ||   319
       Deflected         |       |       |       |       |     6 |       ||     6
Block: Shield            |    27 |    54 |   221 |   369 |   837 |    90 ||  1598
       Reflection        |       |       |       |    10 |    40 |     5 ||    55
       Other             |       |       |       |       |    65 |       ||    65
